 Dungeon Crawl Stone Soup version 0.30.0-29-ga12c61a403 (webtiles) character file.

Game seed: 16714290218351936778

31648 Fodor the Cleaver (level 13, -2/114 HPs)
             Began as a Minotaur Fighter on June 11, 2023.
             Was a Priest of the Shining One.
             Slain by a 20-headed hydra (10 damage)
             ... on level 2 of the Lair of Beasts.
             The game lasted 01:04:18 (11911 turns).

Fodor the Cleaver (Minotaur Fighter)               Turns: 11911, Time: 01:04:19

Health: -2/114     AC: 24    Str: 23    XL:     13   Next: 27%
Magic:  12/12      EV: 21    Int:  5    God:    the Shining One [***...]
Gold:   741        SH: 12    Dex: 13    Spells: 12/12 levels left

rFire   . . .        C - +6 hand axe (freeze)
rCold   + + .        c - +0 buckler
rNeg    + . .        z - +3 chain mail
rPois   .            b - +2 hat
rElec   .            O - +1 cloak of Omission {rC++ Slay+3}
rCorr   .            i - +2 pair of gloves
SInv    .            v - +0 pair of boots
Will    .....        j - amulet of reflection Stlth
                     B - +5 ring of evasion
HPRegen 0.39/turn    J - +5 ring of evasion
MPRegen 0.13/turn

%: reflection
@: hasted, glowing, very quick
A: horns 2, retaliatory headbutt
a: Renounce Religion, Divine Shield, Cleansing Flame


You were on level 2 of the Lair of Beasts.
You worshipped the Shining One.
The Shining One was most pleased with you.
You visited 3 branches of the dungeon, and saw 12 of its levels.
You also visited: Bailey and Ice Cave.

You collected 741 gold pieces.

Inventory:

Hand Weapons
 f - a +5 arbalest
 k - a +2 triple sword of freezing
 C - a +6 hand axe of freezing (weapon)
 H - a +3 battleaxe
Missiles
 e - 107 stones
 x - 30 poisoned darts
 M - a curare-tipped dart
Armour
 b - a +2 hat (worn)
 c - a +0 buckler (worn)
 i - a +2 pair of gloves (worn)
 v - a +0 pair of boots (worn)
 z - a +3 chain mail (worn)
 O - the +1 cloak of Omission (worn) {rC++ Slay+3}
   (You found it on level 9 of the Dungeon)

   Slay:      It affects your accuracy & damage with ranged weapons and melee
   (+3).
   rC:        It greatly protects you from cold.
Magical Staves
 I - a staff of earth
Jewellery
 j - an amulet of reflection (around neck)
 t - a ring of poison resistance
 B - a +5 ring of evasion (left hand)
 J - a +5 ring of evasion (right hand)
 L - a ring of willpower
Wands
 o - a wand of charming (13)
 D - a wand of flame (27) (quivered)
 K - a wand of iceblast (15)
Scrolls
 a - 2 scrolls of amnesia
 g - a scroll of vulnerability
 h - a scroll of silence
 l - 6 scrolls of teleportation
 m - a scroll of acquirement {unknown}
 G - a scroll of magic mapping {unknown}
 N - a scroll of enchant armour {unknown}
Potions
 d - 4 potions of might
 n - 6 potions of brilliance {unknown}
 p - 3 potions of mutation {unknown}
 q - a potion of experience
 r - 2 potions of haste
 s - a potion of degeneration {unknown}
 u - a potion of heal wounds
 w - a potion of lignification {unknown}
 A - a potion of attraction {unknown}
 E - a potion of invisibility {unknown}
 F - a potion of resistance {unknown}


   Skills:
 + Level 10.7 Fighting
 + Level 7.4 Long Blades
 + Level 14.3 Axes
 + Level 3.5 Throwing
 + Level 11.6 Armour
 + Level 6.8 Dodging
 + Level 1.3 Stealth
 + Level 13.0 Shields
 + Level 3.4 Evocations


You had 12 spell levels left.
You didn't know any spells.
Your spell library contained the following spells:

 Spells                   Type           Power      Damage    Failure   Level
 Shock                    Conj/Air       0%         1d3       94%         1
 Cigotuvi's Dreadful Rot  Necr/Pois/Air  0%         N/A       98%         2
 Ignite Poison            Fire/Tmut/Pois 0%         N/A       100%        3
 Inner Flame              Hex/Fire       0%         N/A       100%        3
 Portal Projectile        Hex/Tloc       0%         N/A       100%        3
 Swiftness                Air            0%         N/A       100%        3
 Tukima's Dance           Hex            0%         N/A       100%        3
 Airstrike                Air            0%         2d(0-16)  100%        4
 Flame Wave               Conj/Fire      0%         2d4       100%        4
 Olgreb's Toxic Radiance  Pois           0%         N/A       100%        4
 Sticky Flame             Conj/Fire      0%         2d3       100%        4
 Blade Hands              Tmut           0%         N/A       100%        5
 Freezing Cloud           Conj/Ice/Air   0%         6-21      100%        5
 Discord                  Hex            0%         N/A       100%        8
 Ignition                 Fire           0%         3d3       100%        8


Dungeon Overview and Level Annotations

Branches:
Dungeon (9/15)             Temple (1/1) D:4            Lair (2/5) D:9
 Bailey (visited)           IceCv (visited)
  Swamp: Lair:2-3    Shoals: Lair:2-3     Snake: Lair:2-3    Spider: Lair:2-3
    Orc: D:9-12

Altars:
Cheibriados
Dithmenos
Elyvilon
Fedhas
Gozag
Hepliaklqana
Kikubaaqudgha
Makhleb
Nemelex Xobeh
Okawaru
Qazlal
Ru
Sif Muna
Trog
Uskayaw
Vehumet
Wu Jian
Xom
Yredelemnul
Zin
The Shining One

Shops:
D:6 **


Innate Abilities, Weirdness & Mutations

You have a pair of horns on your head.
You reflexively headbutt those who attack you in melee.


Message History

The 19-headed hydra bites you but does no damage.
The 19-headed hydra completely misses you.
The 19-headed hydra bites you but does no damage.
The 19-headed hydra bites you.
* * * LOW HITPOINT WARNING * * *
The 19-headed hydra misses you. You block the 19-headed hydra's attack.
You chop one of the 19-headed hydra's heads off!
The 18-headed hydra grows two more!
You slash the 20-headed hydra! You freeze the 20-headed hydra.
The 20-headed hydra is almost dead.
You feel much better. You block the 20-headed hydra's attack.
The 20-headed hydra bites you! The 20-headed hydra closely misses you.
The 20-headed hydra bites you. You block the 20-headed hydra's attack.
The 20-headed hydra bites you. The 20-headed hydra bites you!
* * * LOW HITPOINT WARNING * * *
The 20-headed hydra bites you!
* * * LOW HITPOINT WARNING * * *
The 20-headed hydra completely misses you.
The 20-headed hydra bites you.
* * * LOW HITPOINT WARNING * * *
The 20-headed hydra barely misses you.
The 20-headed hydra completely misses you.
The 20-headed hydra bites you but does no damage.
The 20-headed hydra bites you.
* * * LOW HITPOINT WARNING * * *
The 20-headed hydra misses you. You block the 20-headed hydra's attack.
The 20-headed hydra misses you. The 20-headed hydra bites you.
* * * LOW HITPOINT WARNING * * *
The 20-headed hydra bites you but does no damage.
The 20-headed hydra misses you.
You feel yourself speed up. The 20-headed hydra barely misses you.
You block the 20-headed hydra's attack. x2
The 20-headed hydra completely misses you.
The 20-headed hydra bites you but does no damage. x2
The 20-headed hydra bites you! The Shining One protects you from harm!
You block the 20-headed hydra's attack.
The 20-headed hydra bites you but does no damage.
The 20-headed hydra bites you!
You die...

......... .P.....
####...... .........#
..#....# #.....#
#....# .. #...D###
##....
##..†@..##.#.#..#
.#...............#
#.#.#..............##
....................#
...................#
...................#
..........)........#
...................#
####......P#...##..##


You could see a 20-headed hydra (slow).

Vanquished Creatures
  A frost giant (IceCv)
  An orc warlord (Bailey)
  A hydra (Lair:2)
  A two-headed ogre (D:9)
  7 death yaks (IceCv)
  Amaemon (Lair:1)
  2 orc knights (Bailey)
  An ice statue (IceCv)
  A black mamba (Lair:1)
  3 gargoyles (D:7)
  An orange demon (Lair:1)
  A cane toad (Lair:1)
  9 rime drakes
  A komodo dragon (Lair:1)
  The ghost of cheesebisquit the Ruffian, an amateur TrFi (D:5)
  A troll (D:9)
  A hornet (D:9)
  4 polar bears (IceCv)
  A wraith (D:7)
  A wyvern (D:7)
  A basilisk (Lair:1)
  34 yaks
  A steam dragon (D:8)
  An acid dragon (D:8)
  6 water moccasins
  12 orc warriors
  A black bear (D:7)
  An ice beast (D:6)
  3 centaurs
  An ogre (D:6)
  8 wolves
  A kobold brigand (D:8)
  3 bullfrogs
  4 scorpions
  6 killer bees (D:8)
  3 howler monkeys
  5 jellies
  8 hounds
  2 orc priests
  A gnoll bouda (D:6)
  6 iguanas
  2 sleepcaps
  4 orc wizards
  9 gnolls
  8 adders
  2 shadow imps
  2 white imps (D:5)
  2 ufetubi (D:5)
  5 worms
  2 dart slugs
  31 orcs
  5 endoplasms
  2 giant cockroaches
  14 goblins
  13 hobgoblins
  5 jackals
  20 kobolds
  3 quokkas
  2 ball pythons
  A frilled lizard (D:3)
  7 rats
  A butterfly (Lair:1)
288 creatures vanquished.

Vanquished Creatures (collateral kills)
  A kobold (D:8)
1 creature vanquished.

Vanquished Creatures (others)
  A kobold brigand (D:8)
  A kobold (D:8)
2 creatures vanquished.

Grand Total: 291 creatures vanquished

Notes
Turn   | Place    | Note
-------+----------+-------------------------------------------
     0 | D:1      | Fodor the Minotaur Fighter began the quest for the Orb.
     0 | D:1      | Reached XP level 1. HP: 19/19 MP: 0/0
   216 | D:1      | Found a faded altar of an unknown god.
   224 | D:1      | Prayed at the altar of an unknown god.
   224 | D:1      | Became a worshipper of Cheibriados the Contemplative
   224 | D:1      | Reached * piety under Cheibriados
   473 | D:1      | Reached XP level 2. HP: 25/27 MP: 1/1
   953 | D:2      | Reached XP level 3. HP: 30/33 MP: 2/2
  1166 | D:2      | Reached ** piety under Cheibriados
  1297 | D:2      | Found a hazy altar of Hepliaklqana.
  1862 | D:3      | Found a shimmering blue altar of Sif Muna.
  1864 | D:3      | Found a white marble altar of Elyvilon.
  1865 | D:3      | Found a sacrificial altar of Ru.
  1952 | D:3      | Found a blossoming altar of Fedhas.
  2185 | D:3      | Reached XP level 4. HP: 34/40 MP: 3/3
  2304 | D:4      | Found a staircase to the Ecumenical Temple.
  2321 | Temple   | Entered the Ecumenical Temple
  2370 | Temple   | Fell from the grace of Cheibriados
  2370 | Temple   | Became a worshipper of the Shining One
  2400 | D:4      | Reached XP level 5. HP: 44/46 MP: 4/4
  2540 | D:4      | Reached skill level 1 in Dodging
  3162 | D:4      | Reached skill level 5 in Armour
  3213 | D:4      | Found a basalt altar of Yredelemnul.
  3494 | D:5      | Entered Level 5 of the Dungeon
  3494 | D:5      | Noticed a water moccasin
  3500 | D:5      | Reached XP level 6. HP: 43/53 MP: 5/5
  3514 | D:5      | Killed a water moccasin
  3515 | D:5      | Reached skill level 5 in Long Blades
  3515 | D:5      | Reached skill level 5 in Shields
  3526 | D:5      | Identified the +0 leather armour "Rery" {rPois Str+5 Int-2
                  | Stlth+}
  3799 | D:5      | Found a runed translucent gate.
  3799 | D:5      | Noticed cheesebisquit's ghost (amateur TrFi)
  3817 | D:5      | Found a runed translucent gate.
  4386 | D:5      | Reached XP level 7. HP: 60/60 MP: 6/6
  4691 | D:5      | Found a runed translucent gate.
  4736 | D:5      | Killed cheesebisquit's ghost
  4737 | D:5      | Reached skill level 5 in Fighting
  4737 | D:5      | Reached * piety under the Shining One
  5229 | D:6      | Found Busonyab's Specific Store.
  5231 | D:6      | Found Sameum's General Store.
  5391 | D:6      | Reached skill level 1 in Axes
  5391 | D:6      | Reached XP level 8. HP: 60/68 MP: 7/7
  5423 | D:6      | Reached skill level 2 in Axes
  5445 | D:6      | Lost intelligence.
  5472 | D:6      | Was forgiven by Cheibriados
  5604 | D:6      | Reached skill level 3 in Axes
  6717 | D:7      | Reached skill level 4 in Axes
  6863 | D:7      | Reached skill level 5 in Axes
  6863 | D:7      | Reached XP level 9. HP: 65/75 MP: 8/8
  6952 | D:7      | Reached skill level 1 in Stealth
  7420 | D:7      | Noticed a gargoyle
  7438 | D:7      | Killed a gargoyle
  7439 | D:7      | Reached skill level 6 in Axes
  7474 | D:7      | Noticed a gargoyle
  7485 | D:7      | Killed a gargoyle
  7491 | D:7      | Noticed a gargoyle
  7507 | D:7      | Killed a gargoyle
  7508 | D:7      | Reached skill level 7 in Axes
  7636 | D:8      | Reached XP level 10. HP: 57/84 MP: 9/9
  7914 | D:8      | Reached skill level 8 in Axes
  7924 | D:8      | Found a flagged portal.
  7942 | Bailey   | Entered a bailey
  7995 | Bailey   | Reached ** piety under the Shining One
  8063 | Bailey   | Noticed an orc knight
  8088 | Bailey   | HP: 3/84 [orc warrior/+0 hand axe (6)]
  8090 | Bailey   | Reached skill level 1 in Throwing
  8094 | Bailey   | Killed an orc knight
  8217 | Bailey   | Noticed an orc warlord
  8239 | Bailey   | Reached skill level 9 in Axes
  8240 | Bailey   | Reached skill level 10 in Shields
  8244 | Bailey   | Killed an orc warlord
  8290 | Bailey   | Reached skill level 10 in Axes
  8290 | Bailey   | Reached skill level 10 in Armour
  8290 | Bailey   | Reached XP level 11. HP: 51/95 MP: 10/10
  8349 | Bailey   | Noticed an orc knight
  8386 | Bailey   | Killed an orc knight
  8387 | Bailey   | Reached skill level 11 in Axes
  9172 | D:8      | Found an ancient bone altar of Kikubaaqudgha.
  9408 | D:9      | Identified the +1 cloak of Omission {rC++ Slay+3}
  9577 | D:9      | Found an opulent altar of Gozag.
  9657 | D:9      | Noticed a two-headed ogre
  9658 | D:9      | Found a staircase to the Lair.
  9686 | D:9      | Reached XP level 12. HP: 104/104 MP: 11/11
  9694 | D:9      | Killed a two-headed ogre
  9787 | Lair:1   | Entered Level 1 of the Lair of Beasts
  9811 | Lair:1   | Noticed Amaemon
  9847 | Lair:1   | Killed Amaemon
  9853 | Lair:1   | Reached skill level 12 in Axes
 10125 | Lair:1   | Found a frozen archway.
 10251 | IceCv    | Entered an ice cave
 10296 | IceCv    | Reached skill level 10 in Fighting
 10450 | IceCv    | Noticed a death yak
 10451 | IceCv    | Noticed a death yak
 10462 | IceCv    | Killed a death yak
 10463 | IceCv    | Reached skill level 13 in Axes
 10472 | IceCv    | Killed a death yak
 10730 | IceCv    | Noticed a death yak
 10747 | IceCv    | Killed a death yak
 10762 | IceCv    | Reached *** piety under the Shining One
 10766 | IceCv    | Noticed a death yak
 10774 | IceCv    | Noticed a death yak
 10782 | IceCv    | Killed a death yak
 10784 | IceCv    | Noticed a death yak
 10794 | IceCv    | Killed a death yak
 10804 | IceCv    | Killed a death yak
 10805 | IceCv    | Reached XP level 13. HP: 107/114 MP: 12/12
 10840 | IceCv    | Noticed a frost giant
 10872 | IceCv    | Killed a frost giant
 10873 | IceCv    | Reached skill level 14 in Axes
 11911 | Lair:2   | The Shining One protects you from harm!
 11911 | Lair:2   | Slain by a 20-headed hydra

Illustrated notes

Levels and vault maps discovered:
D:1:      saegor_arrival_miasma, layout_loops_cross,
          chequers_ecumenical_altar_simple
D:2:      layout_basic, basic_altar
D:3:      layout_rooms, grunt_temple_overflow_open, mainiacjoe_overflow_alcove_1
D:4:      layout_basic, kennysheep_mini_moat,
          minmay_temple_entry_statues_pillars, interstate_on_off
D:5:      layout_layer_cave, biasface_ghost_orc_armoury, st_stairs_9,
          hangedman_glass_teeth
D:6:      layout_basic, nicolae_specific_store
D:7:      cheibrodos_statue_roulette, layout_basic, minmay_joined_circles
D:8:      layout_loops_ring, mainiacjoe_overflow_alcove_4, enter_bailey_2
D:9:      layout_roguey, grunt_gozag_breadcrumbs, erik_lair_island
Temple:   eino_temple_lava
Lair:1:   layout_roguey, portal_ice_cave_rime, grunt_megastairs_1,
          lemuel_fruit_fields, uniq_amaemon
Lair:2:   nzn_winding_woodlands_cross [nzn_winding_woodlands_5x15_pool,
          nzn_winding_woodlands_5x15_concentric,
          nzn_winding_woodlands_5x15_river_crossing,
          nzn_winding_woodlands_5x15_parted,
          nzn_winding_woodlands_15x15_five_gardens], layout_regular_city,
          st_stairs_12

Skill      XL: |  1  2  3  4  5  6  7  8  9 10 11 12 13 |
---------------+----------------------------------------+-----
Shields        | 4 5 6 9 10 12 13 | 13.0
Fighting       | 4 5 6 8 9 10 | 10.7
Armour         | 4 5 6 7 8 10 11 | 11.6
Long Blades    | 3 4 5 7 |  7.4
Dodging        | 1 2 3 4 6 |  6.8
Axes           | 1 5 7 10 11 13 14 | 14.3
Stealth        | 1 |  1.3
Throwing       | 3 |  3.5
Evocations     | 2 3 |  3.4

Action                     |  1- 3 |  4- 6 |  7- 9 | 10-12 | 13-15 || total
---------------------------+-------+-------+-------+-------+-------++-------
  Melee: Long sword        |    93 |   129 |    39 |       |       ||   261
         Headbutt          |    14 |    23 |    64 |   108 |    29 ||   238
         Hand axe          |       |       |   177 |   381 |    85 ||   643
  Throw: Dart              |       |       |     3 |    19 |       ||    22
  Evoke: Wand              |       |       |       |    17 |    12 ||    29
    Use: Scroll            |     1 |     1 |     5 |     6 |     1 ||    14
         Potion            |       |       |     7 |    11 |     4 ||    22
 Armour: Scale mail        |    26 |    64 |     9 |       |       ||    99
         Chain mail        |       |       |    72 |    79 |    47 ||   198
  Dodge: Dodged            |    30 |    49 |    96 |   178 |    86 ||   439
  Block: Buckler           |    57 |    93 |   127 |   176 |    67 ||   520
         Reflection        |     5 |       |     5 |     4 |       ||    14
